 Dungeon Crawl Stone Soup version 0.23-a0-175-g97aacdb (webtiles) character file.

106088 nikopol the Eclecticist (level 15, 0/75 HPs)
             Began as a Deep Elf Fire Elementalist on Sept 13, 2018.
             Was the Champion of Vehumet.
             Slain by a hell hound (8 damage)
             ... led by Azrael
             ... on level 15 of the Dungeon on Sept 17, 2018.
             The game lasted 02:16:28 (26349 turns).

nikopol the Eclecticist (DEFE)                     Turns: 26349, Time: 02:16:29

Health: 0/75       AC: 11    Str:  3    XL:     15   Next: 96%
Magic:  29/41      EV: 18    Int: 27    God:    Vehumet [******]
Gold:   1550       SH:  9    Dex: 19    Spells: 21/54 levels left

rFire    + + +     SeeInvis +   s - staff of energy
rCold    . . .     Gourm    .   a - +3 buckler "Tabudumu" {rF+}
rNeg     . . .     Faith    .   M - +2 robe {MR+}
rPois    +         Spirit   .   E - +0 helmet {SInv}
rElec    .         Reflect  .   f - +1 cloak
rCorr    .         Harm     .   p - +2 pair of gloves
MR       ++...                  F - +0 pair of boots
Stlth    ++++......             l - amulet of magic regeneration
HPRegen  0.22/turn              H - ring of Ufuffufe {Str+3 Dex+4 SInv}
MPRegen  0.52/turn              N - ring "Gisubac" {+Blink rPois rF+++ Str-5 Stlth+}

@: no status effects
A: no striking features
a: Renounce Religion, Evoke Blink


You were on level 15 of the Dungeon.
You worshipped Vehumet.
Vehumet was exalted by your worship.
You were not hungry.

You visited 3 branches of the dungeon, and saw 23 of its levels.
You also visited: Labyrinth and Sewer.

You collected 2418 gold pieces.
You spent 868 gold pieces at shops.

Inventory:

Hand Weapons
 A - the +2 rapier "Xonemm" {flame, +Rage Int+5}
   (You found it on level 4 of the Lair of Beasts)

   It has been specially enchanted to burn those struck by it, causing extra
   injury to most foes and up to half again as much damage against particularly
   susceptible opponents.
   It affects your intelligence (+5).
   It lets you go berserk.
Armour
 a - the +3 buckler "Tabudumu" (worn) {rF+}
   (You bought it in a shop on level 8 of the Dungeon)

   It protects you from fire.
 f - a +1 cloak (worn)
 g - a +0 robe of magic resistance
 p - a +2 pair of gloves (worn)
 E - a +0 helmet of see invisible (worn)
 F - a +0 pair of boots (worn)
 M - a +2 robe of magic resistance (worn)
Magical Staves
 s - an uncursed staff of energy (weapon)
Jewellery
 l - an amulet of magic regeneration (around neck)
 w - the ring "Igrece" {rF++ EV+1 Dex+2}
   (You found it on level 6 of the Lair of Beasts)

   [ring of evasion]

   It affects your evasion (+1).
   It affects your dexterity (+2).
   It greatly protects you from fire.
 D - a +2 amulet of reflection {unknown}
 H - the ring of Ufuffufe (left hand) {Str+3 Dex+4 SInv}
   (You found it in a labyrinth)

   [ring of strength]

   It affects your strength (+3).
   It affects your dexterity (+4).
   It lets you see invisible.
 N - the ring "Gisubac" (right hand) {+Blink rPois rF+++ Str-5 Stlth+}
   (You found it in a labyrinth)

   [ring of stealth]

   It affects your strength (-5).
   It renders you almost immune to fire.
   It protects you from poison.
   It lets you blink.
   It makes you more stealthy.
Wands
 h - a wand of iceblast (79)
 k - a wand of flame (106)
 t - a wand of random effects (36)
 y - a wand of acid (16)
 C - a wand of scattershot (12)
 I - a wand of disintegration (15)
 J - a wand of polymorph (14)
 V - a wand of enslavement (10)
 Y - a wand of digging (13)
Scrolls
 e - 9 scrolls of remove curse
 m - 5 scrolls of magic mapping
 o - a scroll of enchant weapon
 q - a scroll of teleportation
 r - 6 scrolls of fear
 x - 4 scrolls of amnesia
 B - 2 scrolls of fog
 G - a scroll of enchant armour
 R - 2 scrolls of summoning {unknown}
 W - 2 scrolls of random uselessness {unknown}
 X - a scroll of holy word {unknown}
Potions
 b - 11 potions of heal wounds
 i - a potion of ambrosia
 j - 6 potions of curing
 n - 4 potions of might
 u - 7 potions of flight
 v - 2 potions of brilliance
 z - a potion of resistance
 K - 3 potions of berserk rage
 Q - 6 potions of haste
 S - 2 potions of invisibility
 T - 2 potions of agility
 U - 4 potions of mutation
 Z - 4 potions of lignification
Miscellaneous
 P - a fan of gales
Comestibles
 c - 49 rations


   Skills:
 + Level 1.9 Fighting
 + Level 7.2 Dodging
 + Level 5.7 Stealth
 + Level 5.4 Shields
 + Level 20.0 Spellcasting
 + Level 16.6 Conjurations
 + Level 0.4 Translocations
 + Level 15.6 Fire Magic
 + Level 3.0 Ice Magic
 + Level 1.8 Earth Magic


You had 21 spell levels left.
You knew the following spells:

 Your Spells              Type           Power        Failure   Level  Hunger
a - Flame Tongue          Conj/Fire      #####        0%          1    None
b - Throw Flame           Conj/Fire      ######       0%          2    None
c - Conjure Flame         Conj/Fire      #######.     0%          3    None
d - Sticky Flame          Conj/Fire      #######.     0%          4    None
e - Fireball              Conj/Fire      #######...   1%          5    None
f - Throw Icicle          Conj/Ice       ######..     1%          4    None
g - Bolt of Cold          Conj/Ice       ######....   1%          6    None
h - Blink                 Tloc           N/A          1%          2    None
i - Iron Shot             Conj/Erth      ######....   1%          6    None

Your spell library contained the following spells:

 Spells                   Type           Power        Failure   Level  Hunger
 Ozocubu's Refrigeration  Ice            #####.....   17%         6    None
 Magic Dart               Conj           ####         0%          1    None
 Shock                    Conj/Air       ####         1%          1    None
 Sting                    Conj/Pois      ####         1%          1    None
 Summon Small Mammal      Summ           ####         1%          1    None
 Inner Flame              Hex/Fire       ######..     1%          3    None
 Mephitic Cloud           Conj/Pois/Air  ######..     1%          3    None
 Static Discharge         Conj/Air       ######..     1%          3    None
 Lightning Bolt           Conj/Air       ######....   1%          5    None
 Call Imp                 Summ           ####....     2%          2    None
 Slow                     Hex            ####....     2%          2    None
 Swiftness                Chrm/Air       ####....     2%          2    None
 Conjure Ball Lightning   Conj/Air       ######....   2%          6    None
 Call Canine Familiar     Summ           ####....     4%          3    None
 Summon Guardian Golem    Hex/Summ       ####....     4%          3    None
 Airstrike                Air            ####......   4%          4    None
 Olgreb's Toxic Radiance  Pois           ####....     4%          4    None
 Summon Ice Beast         Ice/Summ       #####...     9%          4    None
 Summon Lightning Spire   Summ/Air       ####....     16%         4    None


Dungeon Overview and Level Annotations

Branches:
Dungeon (15/15)            Temple (0/1) D:4            Lair (6/6) D:8
 Shoals (0/4) Lair:3        Snake (0/4) Lair:3        Slime (0/5) Lair:6
    Orc (2/2) D:10            Elf (0/3) Orc:2        Vaults (0/5) D:14
 Depths: D:15

Altars:
Ashenzari
Dithmenos
Hepliaklqana
Kikubaaqudgha
Nemelex Xobeh
Qazlal
Uskayaw
Vehumet
Wu Jian
Xom
Yredelemnul
Zin
Beogh

Shops:
D:7 !   D:8 [(!   Orc:2 !}![

Portals:
Pandemonium: Orc:2

Annotations:
D:9 1 runed door, HydraWiggins's ghost, novice TrAE
D:15 Azrael


Message History

* * * LOW HITPOINT WARNING * * *
Things that are here:
a glaive; a chain mail The hell hound breathes flames at you.
The blast of flame hits you! You resist.
* * * LOW HITPOINT WARNING * * *
The hell hound breathes flames at you.
The blast of flame hits the hell hound.
The hell hound completely resists.
The blast of flame hits you! You resist.
* * * LOW HITPOINT WARNING * * *
There is a stone staircase leading up, spattered with blood here.
Things that are here:
2 arrows; a stone You block the hell hound's attack.
The hell hound breathes flames at you.
The blast of flame hits the hell hound.
The hell hound completely resists.
The blast of flame hits you! You resist.
* * * LOW HITPOINT WARNING * * *
The hell hound bites you!
You die...

#....§.§....##.
#...(§§....##
#...h§hh####
#..§E§..# #.§(h...# .
####h#### .. #hh##
#...
#####.h#########...#
#..)..@)...#.....#.#.
#......(..<..........
#..........(.......#.
#......(.###(#####...
########## #... .
###.# .# . ##


You could see a fire elemental and 5 hell hounds.

Vanquished Creatures
  Rupert (Lair:3)
  Nessos (Lair:5)
  A minotaur (Lab)
  Snorg (D:13)
  Harold (D:9)
  10 hydras
  4 vault guards (D:14)
  Erolcha (Orc:1)
  3 centaur warriors
  Fannar (Lair:3)
  8 two-headed ogres
  A death knight (D:15)
  4 death yaks (Lair:6)
  2 tengu warriors
  8 orc high priests
  Urug (D:13)
  Sonja (Lair:4)
  A sixfirhy (Orc:2)
  An unseen horror (D:12)
  A wolf spider zombie (D:14)
  2 phantasmal warriors (D:14)
  8 orc knights
  7 orc sorcerers (Orc:2)
  A wolf spider (Lair:6)
  9 ugly things (D:14)
  A deep elf mage (D:14)
  2 manticores (D:15)
  2 elephants (Lair:5)
  2 oklob plants
  A cyclops (D:15)
  A guardian serpent (Lair:6)
  4 centaur zombies
  8 black mambas
  2 rust devils (Orc:2)
  2 molten gargoyles (Lair:5)
  6 gargoyles
  A smoke demon (Orc:2)
  19 spiny frogs
  3 komodo dragons
  3 kobold demonologists
  2 tengu conjurers
  A freezing wraith (D:15)
  2 rime drakes
  A hellwing (Orc:2)
  4 trolls
  A meliai (D:14)
  Prince Ribbit (D:9)
  6 blink frogs (Lair:5)
  2 raiju (Lair:6)
  10 polar bears
  3 hornets (Lair:6)
  12 hippogriffs
  7 dream sheep
  A raiju (shapeshifter) (D:14)
  A dream sheep (shapeshifter) (D:14)
  A snapping turtle (Lair:3)
  A shadow (D:13)
  2 redbacks (Lair:6)
  7 wyverns (Lair:6)
  A basilisk (Lair:1)
  A vampire (D:14)
  2 wraiths
  A chaos spawn (Orc:2)
  35 yaks
  6 vampire mosquitoes
  A steam dragon (D:10)
  A neqoxec (Orc:2)
  A hungry ghost (D:10)
  A two-headed ogre zombie (D:10)
  A naga (Lair:3)
  12 wargs
  2 acid dragons
  15 hell hounds (Lair:6)
  19 water moccasins
  4 porcupines
  36 orc warriors
  3 necrophages (D:9)
  6 sky beasts
  2 ice beasts
  8 ogres
  A phantom (D:10)
  13 black bears
  An eye of draining (D:12)
  18 wolves (Lair:6)
  20 centaurs
  12 crocodiles
  5 big kobolds
  15 bullfrogs
  A wyvern zombie (D:6)
  4 scorpions
  2 troll zombies
  13 wights
  A vampire bat (D:3)
  An electric eel (Lair:3)
  9 crimson imps
  6 lava snakes
  A bullfrog zombie (D:8)
  2 quasits
  3 bullfrog skeletons
  3 human zombies (D:9)
  A hound (D:5)
  32 orc priests
  9 centaur skeletons
  A jelly (D:5)
  Jessica (D:2)
  7 worker ants
  Natasha (thrice) (D:2)
  2 human skeletons (D:9)
  2 iguanas
  27 orc wizards
  2 killer bee zombies
  6 ogre zombies (D:10)
  2 hound zombies
  2 hound skeletons
  2 mummies (D:9)
  A howler monkey zombie (D:7)
  21 adders
  A howler monkey skeleton (D:4)
  10 gnolls
  9 river rats
  6 shadow imps
  An adder skeleton (D:7)
  10 worms
  5 dart slugs
  3 fire bats (D:3)
  7 leopard geckos
  100 orcs
  2 spectral bats (D:3)
  8 ball pythons
  3 bat skeletons (D:3)
  A bat zombie (D:3)
  5 giant cockroaches
  15 hobgoblins
  7 jackals
  3 quokkas
  17 bats
  A bat simulacrum (D:3)
  7 frilled lizards
  7 goblins
  A goblin skeleton (D:10)
  3 goblin zombies (D:10)
  A hobgoblin skeleton (D:10)
  A hobgoblin zombie (D:10)
  38 kobolds
  5 orc skeletons (D:10)
  14 orc zombies (D:10)
  A quokka zombie (D:5)
  24 rats
  3 bushes (Lair:4)
  5 fungi
  2 plants
937 creatures vanquished.

Vanquished Creatures (others)
  An ugly thing (D:14)
  15 fungi (Lair:6)
  29 plants
  12 withered plants
57 creatures vanquished.

Grand Total: 994 creatures vanquished

Notes
Turn   | Place    | Note
-------+----------+-------------------------------------------
     0 | D:1      | nikopol the Deep Elf Fire Elementalist began the quest for
                  | the Orb.
     0 | D:1      | Reached XP level 1. HP: 10/10 MP: 6/6
   131 | D:1      | Reached XP level 2. HP: 11/15 MP: 2/8
   412 | D:1      | Reached XP level 3. HP: 17/19 MP: 2/9
   419 | D:1      | Learned a level 2 spell: Throw Flame
   423 | D:1      | Learned a level 3 spell: Conjure Flame
   960 | D:2      | Noticed Natasha
   968 | D:2      | Killed Natasha
   968 | D:2      | Reached XP level 4. HP: 24/24 MP: 2/11
  1316 | D:2      | Reached skill level 4 in Spellcasting
  1509 | D:2      | Noticed Natasha
  1514 | D:2      | Killed Natasha
  1514 | D:2      | Reached XP level 5. HP: 28/28 MP: 5/13
  1516 | D:2      | Found a sparkling altar of Nemelex Xobeh.
  1517 | D:2      | Found a radiant altar of Vehumet.
  1525 | D:2      | Noticed Jessica
  1531 | D:2      | Became a worshipper of Vehumet
  1547 | D:2      | Killed Jessica
  1703 | D:2      | Noticed Natasha
  1708 | D:2      | Killed Natasha
  1771 | D:3      | Reached skill level 5 in Spellcasting
  1889 | D:3      | Learned a level 4 spell: Sticky Flame
  2265 | D:3      | Reached XP level 6. HP: 31/32 MP: 7/16
  2270 | D:3      | Reached * piety under Vehumet
  2270 | D:3      | Offered knowledge of Freeze by Vehumet.
  2409 | D:3      | Reached skill level 6 in Spellcasting
  2454 | D:3      | Learned a level 5 spell: Fireball
  2730 | D:3      | Learned a level 1 spell: Freeze
  3183 | D:4      | Reached skill level 5 in Fire Magic
  3185 | D:4      | Offered knowledge of Searing Ray by Vehumet.
  3332 | D:4      | Reached ** piety under Vehumet
  3391 | D:4      | Reached XP level 7. HP: 36/36 MP: 6/18
  3544 | D:4      | Found a staircase to the Ecumenical Temple.
  3827 | D:4      | Reached skill level 5 in Conjurations
  3898 | D:4      | Found an ornate altar of the Wu Jian Council.
  4393 | D:5      | Entered Level 5 of the Dungeon
  4503 | D:5      | Found a glowing drain.
  4507 | Sewer    | Entered a sewer
  4528 | Sewer    | Reached skill level 7 in Spellcasting
  4607 | Sewer    | Offered knowledge of Stone Arrow by Vehumet.
  4787 | Sewer    | Reached *** piety under Vehumet
  4935 | Sewer    | Offered knowledge of Iskenderun's Mystic Blast by Vehumet.
  5208 | D:5      | Reached XP level 8. HP: 41/41 MP: 18/21
  5232 | D:5      | Reached **** piety under Vehumet
  5234 | D:5      | Offered knowledge of Throw Icicle by Vehumet.
  5287 | D:5      | Reached skill level 8 in Spellcasting
  5506 | D:5      | Learned a level 4 spell: Throw Icicle
  5830 | D:6      | Found a hazy altar of Hepliaklqana.
  6034 | D:6      | Reached skill level 1 in Ice Magic
  6253 | D:6      | Reached skill level 9 in Spellcasting
  6685 | D:7      | Found Ecvetuv's Distillery.
  6693 | D:7      | Bought a potion of ambrosia for 112 gold pieces
  6693 | D:7      | Bought a potion of heal wounds for 70 gold pieces
  6693 | D:7      | Bought a potion of heal wounds for 70 gold pieces
  6699 | D:7      | Reached XP level 9. HP: 45/45 MP: 19/24
  7107 | D:7      | Reached skill level 10 in Spellcasting
  7175 | D:8      | Found a staircase to the Lair.
  7212 | D:8      | Reached ***** piety under Vehumet
  7256 | D:8      | Noticed a two-headed ogre
  7261 | D:8      | Killed a two-headed ogre
  7358 | D:8      | Reached skill level 11 in Spellcasting
  7394 | D:8      | Offered knowledge of Irradiate by Vehumet.
  7394 | D:8      | Reached skill level 1 in Fighting
  7480 | D:8      | Found Yriockycots's Distillery.
  7495 | D:8      | Found Piklicet's Weapon Shoppe.
  7505 | D:8      | Found Rableyma's Antique Armour Emporium.
  7536 | D:8      | Found a shimmering altar of Xom.
  7536 | D:8      | Found a glowing silver altar of Zin.
  7537 | D:8      | Found a shattered altar of Ashenzari.
  7553 | D:8      | Found a basalt altar of Yredelemnul.
  7590 | D:8      | Found a stormy altar of Qazlal.
  8033 | D:8      | Reached XP level 10. HP: 51/52 MP: 13/27
  8147 | D:8      | Noticed a three-headed hydra
  8152 | D:8      | Killed a three-headed hydra
  8542 | Lair:1   | Entered Level 1 of the Lair of Beasts
  8543 | Lair:1   | Noticed a five-headed hydra
  8546 | Lair:1   | Noticed a spiny frog
  8547 | Lair:1   | Killed a five-headed hydra
  8547 | Lair:1   | Reached skill level 5 in Dodging
  8547 | Lair:1   | Reached skill level 12 in Spellcasting
  8583 | Lair:1   | Killed a spiny frog
  8583 | Lair:1   | Reached skill level 10 in Fire Magic
  8719 | Lair:1   | Noticed a seven-headed hydra
  8724 | Lair:1   | Killed a seven-headed hydra
  8908 | Lair:1   | Noticed a black mamba
  8917 | Lair:1   | Killed a black mamba
  8917 | Lair:1   | Reached XP level 11. HP: 32/57 MP: 21/29
  9222 | Lair:1   | Reached skill level 10 in Conjurations
  9278 | Lair:1   | Reached skill level 13 in Spellcasting
  9598 | Lair:2   | Got a jewelled hunting sling
  9599 | Lair:2   | Identified the +6 hunting sling of Quick Death {speed, rF+
                  | Str+4 Dex-2} (You found it on level 2 of the Lair of
                  | Beasts)
 10174 | Lair:3   | Found a labyrinth entrance.
 10183 | Lab      | Entered a labyrinth
 10895 | Lab      | Noticed a minotaur
 10909 | Lab      | Killed a minotaur
 10974 | Lab      | Identified the Handbook of Gliding Poisoning
 10975 | Lab      | Got a sparkling granite ring
 10975 | Lab      | Got a steaming amethyst amulet
 10975 | Lab      | Got a shimmering marble ring
 10976 | Lab      | Got a sheer robe
 11069 | Lair:3   | Identified the +1 robe of Resonance {rPois Str+3 Dex+4}
                  | (You found it in a labyrinth)
 11073 | Lair:3   | Identified the ring of Ufuffufe {Str+3 Dex+4 SInv} (You
                  | found it in a labyrinth)
 11077 | Lair:3   | Identified the ring "Gisubac" {+Blink rPois rF+++ Str-5
                  | Stlth+} (You found it in a labyrinth)
 11081 | Lair:3   | Identified the amulet "Tacvot" {Inacc rC+} (You found it in
                  | a labyrinth)
 11168 | D:8      | Bought a twisted buckler for 171 gold pieces
 11173 | D:8      | Identified the +3 buckler "Tabudumu" {rF+} (You bought it
                  | in a shop on level 8 of the Dungeon)
 11400 | Lair:3   | Found a staircase to the Snake Pit.
 11401 | Lair:3   | Noticed Rupert
 11422 | Lair:3   | Killed Rupert
 11422 | Lair:3   | Reached skill level 1 in Shields
 11422 | Lair:3   | Reached skill level 14 in Spellcasting
 11485 | Lair:3   | Noticed Fannar
 11496 | Lair:3   | Killed Fannar
 11953 | Lair:3   | Found a staircase to the Shoals.
 12150 | Lair:4   | Got a jewelled rapier
 12151 | Lair:4   | Identified the +2 rapier "Xonemm" {flame, +Rage Int+5} (You
                  | found it on level 4 of the Lair of Beasts)
 12164 | Lair:4   | Noticed Sonja
 12169 | Lair:4   | Killed Sonja
 12169 | Lair:4   | Reached XP level 12. HP: 62/62 MP: 24/32
 13443 | Lair:5   | Noticed an eight-headed hydra
 13453 | Lair:5   | Killed an eight-headed hydra
 13459 | Lair:5   | Reached skill level 15 in Spellcasting
 13516 | Lair:5   | Upgraded the game from 0.23-a0-171-g5ae17c6 to
                  | 0.23-a0-175-g97aacdb
 13660 | Lair:5   | Noticed Nessos
 13664 | Lair:5   | Killed Nessos
 13673 | Lair:5   | Noticed a six-headed hydra
 13702 | Lair:5   | Killed a six-headed hydra
 14285 | Lair:6   | Entered Level 6 of the Lair of Beasts
 14325 | Lair:6   | Noticed a death yak
 14326 | Lair:6   | Noticed a death yak
 14327 | Lair:6   | Noticed a death yak
 14329 | Lair:6   | Killed a death yak
 14329 | Lair:6   | Noticed a death yak
 14330 | Lair:6   | Killed a death yak
 14332 | Lair:6   | Killed a death yak
 14333 | Lair:6   | Killed a death yak
 14333 | Lair:6   | Reached XP level 13. HP: 53/66 MP: 11/34
 14810 | Lair:6   | Reached skill level 5 in Stealth
 14812 | Lair:6   | Reached skill level 16 in Spellcasting
 14957 | Lair:6   | Offered knowledge of Bolt of Fire by Vehumet.
 15992 | Lair:6   | Reached skill level 17 in Spellcasting
 16008 | Lair:6   | Offered knowledge of Freezing Cloud by Vehumet.
 16164 | Lair:6   | Reached XP level 14. HP: 71/71 MP: 18/37
 16250 | Lair:6   | Reached skill level 5 in Shields
 16429 | Lair:6   | Got a sparkling copper ring
 16903 | Lair:6   | Identified the ring "Igrece" {rF++ EV+1 Dex+2} (You found
                  | it on level 6 of the Lair of Beasts)
 16909 | Lair:6   | Found a staircase to the Slime Pits.
 17171 | D:9      | Noticed Prince Ribbit
 17173 | D:9      | Killed Prince Ribbit
 17198 | D:9      | Found a shadowy altar of Dithmenos.
 17269 | D:9      | Noticed Harold
 17273 | D:9      | Killed Harold
 17363 | D:9      | Found a hide-covered altar of Uskayaw.
 17523 | D:9      | Found a runed door.
 17523 | D:9      | Noticed HydraWiggins's ghost (novice TrAE)
 17609 | D:9      | Found an ancient bone altar of Kikubaaqudgha.
 17924 | D:10     | Entered Level 10 of the Dungeon
 18234 | D:10     | Offered knowledge of Bolt of Cold by Vehumet.
 18242 | D:10     | Learned a level 6 spell: Bolt of Cold
 18438 | D:10     | Found a staircase to the Orcish Mines.
 18582 | D:10     | Learned a level 2 spell: Blink
 18799 | Orc:1    | Entered Level 1 of the Orcish Mines
 19152 | Orc:1    | Noticed Erolcha
 19155 | Orc:1    | Killed Erolcha
 19180 | Orc:1    | Offered knowledge of Poison Arrow by Vehumet.
 19295 | Orc:1    | Found a roughly hewn altar of Beogh.
 19577 | Orc:2    | Entered Level 2 of the Orcish Mines
 19648 | Orc:2    | Found a staircase to the Elven Halls.
 19650 | Orc:2    | Reached skill level 18 in Spellcasting
 19939 | Orc:2    | Reached ****** piety under Vehumet
 19962 | Orc:2    | Reached skill level 15 in Conjurations
 20350 | Orc:2    | Offered knowledge of Iron Shot by Vehumet.
 20359 | Orc:2    | Learned a level 6 spell: Iron Shot
 20403 | Orc:2    | Found Tunoemod's Distillery.
 20408 | Orc:2    | Found Faghem's Distillery.
 20995 | Orc:2    | Bought a potion of heal wounds for 50 gold pieces
 20995 | Orc:2    | Bought a potion of heal wounds for 50 gold pieces
 20997 | Orc:2    | Bought a potion of heal wounds for 75 gold pieces
 21174 | Orc:2    | Reached XP level 15. HP: 75/75 MP: 29/39
 21318 | Orc:2    | Reached skill level 1 in Earth Magic
 21336 | Orc:2    | Found Unomiu's Antique Armour Boutique.
 21336 | Orc:2    | Found Hyorhix's Gadget Shop.
 21336 | Orc:2    | Found a one-way gate leading to the halls of Pandemonium.
 21342 | Orc:2    | Bought a shiny helmet for 270 gold pieces
 22422 | D:12     | Reached skill level 19 in Spellcasting
 22565 | D:12     | Offered knowledge of Ozocubu's Refrigeration by Vehumet.
 22972 | D:13     | Noticed Urug
 23133 | D:13     | Reached skill level 15 in Fire Magic
 23154 | D:13     | Killed Urug
 23517 | D:13     | Noticed Snorg
 23523 | D:13     | Killed Snorg
 23637 | D:14     | Found a basalt altar of Yredelemnul.
 24192 | D:14     | HP: 2/75 [vault guard/stone (7)]
 24211 | D:14     | Found a shattered altar of Ashenzari.
 25437 | D:14     | Found a gate to the Vaults.
 25513 | D:15     | Entered Level 15 of the Dungeon
 25722 | D:15     | Noticed Azrael
 26096 | D:15     | Reached skill level 20 in Spellcasting
 26349 | D:15     | Slain by a hell hound

Vault maps used:
D:1:      lemuel_arrival_rhombus
D:2:      grunt_temple_overflow_open, st_stairs_10, uniq_natasha, uniq_jessica
D:3:      first_ration, hangedman_decor_growths, goddamned_bats
D:4:      nicolae_overflow_hidden_temple, minmay_temple_entry_junction_2,
          serial_bayou_pond_a
D:5:      lightli_sewer_entry_pipes
D:6:      nicolae_overflow_crystal_walls
D:7:      serial_shops, shop
D:8:      kennysheep_spiral_hall, overflow_temple_1_default,
          nicolae_overflow_quartered_altars, lair_entry_dummy, serial_shops,
          shop, nicolae_shop_statue_plus, shop, hangedman_ranch, moated_statue,
          serial_bayou_pond_d
D:9:      eat_drink_and_be_merry_uskayaw, nicolae_dithmenos_the_darkroom,
          lemuel_mausoleum_altar_kikubaaqudgha, gammafunk_ghost_grave,
          uniq_harold, uniq_prince_ribbit1
D:10:     kennysheep_blocky_room, zombieorc2_lemuel, minmay_unpleasant_kobolds
D:11:     serial_bayou_crossing
D:13:     kennysheep_cross_bottleneck, minmay_misc_feat_more_columns, uniq_urug,
          uniq_snorg
D:14:     lightli_vaults_fourway_checkpoint, basic_altar, ashenzari_altar_1
D:15:     gammafunk_depths_entry_grave, serial_shops, shop,
          nicolae_shop_window_shopping, shop, minmay_misc_feat_iff, uniq_azrael
Lair:1:   grunt_megastairs_1, infiniplex_staircase_pool
Lair:2:   serial_bayou_shore_b, lemuel_fruit_tree, grunt_megastairs_5
Lair:3:   minmay_shoals_entry_hut, guppyfry_snake_entry_island,
          lab_entry_generic, serial_bayou_ford_a, uniq_rupert, uniq_fannar
Lair:4:   st_stairs_11, minmay_holes, minmay_lair_oklob_bushes, uniq_sonja
Lair:5:   cheibrodos_magma_flow, beast_lair_carwin_10,
          infiniplex_staircase_pool_2, uniq_nessos
Lair:6:   hangedman_lair_caniforms_friends, hangedman_lair_tendril_chambers,
          minmay_slime_entry_oklob_enclosed
Orc:1:    bh_open_orc_temple, uniq_erolcha
Orc:2:    pf_orc_diabolical
Lab:      labyrinth_mini_lab, nicolae_lab_arrow
Sewer:    sewer_minmay_treatment

Skill      XL: |  1  2  3  4  5  6  7  8  9 10 11 12 13 14 15 |
---------------+----------------------------------------------+-----
Fire Magic     | 4 5 7 8 10 11 12 13 14 15 | 15.6
Conjurations   | 2 3 5 7 8 9 11 12 14 15 16 | 16.6
Spellcasting   | 4 5 6 7 9 11 12 14 15 17 18 20 | 20.0
Dodging        | 3 4 5 6 7 |  7.2
Stealth        | 3 4 5 |  5.7
Ice Magic      | 1 2 3 |  3.0
Fighting       | 1 |  1.9
Shields        | 2 4 5 |  5.4
Earth Magic    | 1 |  1.8
Translocations | |  0.4

Action                   |  1- 3 |  4- 6 |  7- 9 | 10-12 | 13-15 || total
-------------------------+-------+-------+-------+-------+-------++-------
Melee: Unarmed           |       |     1 |       |       |       ||     1
       Dagger            |       |       |     1 |       |       ||     1
       Staff             |       |       |       |       |     1 ||     1
 Cast: Flame Tongue      |    70 |   152 |   276 |   143 |   545 ||  1186
       Conjure Flame     |       |     2 |     3 |     9 |     7 ||    21
       Freeze            |       |     4 |     6 |       |       ||    10
       Sticky Flame      |       |     2 |    28 |    32 |   161 ||   223
       Throw Flame       |       |       |    10 |     2 |    14 ||    26
       Fireball          |       |       |    14 |    95 |   320 ||   429
       Throw Icicle      |       |       |     1 |    12 |    47 ||    60
       Iron Shot         |       |       |       |       |    59 ||    59
       Blink             |       |       |       |       |     2 ||     2
       Bolt of Cold      |       |       |       |       |     1 ||     1
Evoke: Wand              |       |       |       |       |     2 ||     2
  Use: Scroll            |       |       |    13 |     9 |    16 ||    38
       Potion            |       |       |       |     5 |     8 ||    13
  Eat: Chunk             |       |     8 |    15 |    13 |    34 ||    70
       Ration            |       |       |     1 |     2 |     1 ||     4
Armor: Robe              |     2 |    25 |    17 |    11 |    67 ||   122
Dodge: Dodged            |    19 |    76 |    54 |    46 |   219 ||   414
Block: Buckler           |       |       |       |     3 |   161 ||   164

Table legend:
 A = Non-vault XP
 B = Vault XP
 C = Vault XP percentage of total XP
 D = Non-vault monster count
 E = Vault monster count
 F = Vault count percentage of total count
                 A         B        C        D         E       F
            +---------+---------+-------+---------+---------+-------
      Total |   79161 |   72394 |  47.8 |     568 |     360 |  38.8
            +---------+---------+-------+---------+---------+-------
        D:1 |      65 |       0 |   0.0 |      33 |       0 |   0.0
        D:2 |     141 |      76 |  35.0 |      19 |       4 |  17.4
        D:3 |     135 |     174 |  56.3 |      29 |      20 |  40.8
        D:4 |     456 |       0 |   0.0 |      30 |       0 |   0.0
        D:5 |     622 |      92 |  12.9 |      24 |      12 |  33.3
        D:6 |     627 |       0 |   0.0 |      19 |       0 |   0.0
        D:7 |    1167 |       0 |   0.0 |      19 |       0 |   0.0
        D:8 |     795 |    3254 |  80.4 |      16 |      11 |  40.7
        D:9 |     538 |    1995 |  78.8 |      10 |      13 |  56.5
       D:10 |    3942 |    3012 |  43.3 |      27 |      48 |  64.0
       D:11 |    1697 |       0 |   0.0 |      16 |       0 |   0.0
       D:12 |    6062 |       0 |   0.0 |      36 |       0 |   0.0
       D:13 |    4482 |    1968 |  30.5 |      16 |       2 |  11.1
       D:14 |   16304 |    6775 |  29.4 |      63 |      12 |  16.0
       D:15 |    7518 |       0 |   0.0 |      27 |       0 |   0.0
     Lair:1 |    2405 |    1521 |  38.7 |       7 |       3 |  30.0
     Lair:2 |     785 |       0 |   0.0 |       6 |       0 |   0.0
     Lair:3 |    2238 |    3804 |  63.0 |      11 |       4 |  26.7
     Lair:4 |     732 |    1404 |  65.7 |       5 |       3 |  37.5
     Lair:5 |    5690 |    6016 |  51.4 |      19 |      15 |  44.1
     Lair:6 |   12958 |   21722 |  62.6 |      42 |      93 |  68.9
      Orc:1 |    4567 |    2049 |  31.0 |      46 |       6 |  11.5
      Orc:2 |    5235 |   15460 |  74.7 |      48 |      61 |  56.0
        Lab |       0 |    2930 | 100.0 |       0 |       5 | 100.0
      Sewer |       0 |     142 | 100.0 |       0 |      48 | 100.0
            +---------+---------+-------+---------+---------+-------
